[Event "Titled Tuesday Blitz May 10 Late 2022"]
[White "Fedoseev, Vladimir"]
[Black "Ibarra Jerez, Jose Carlos"]
[WhiteFideId "24130737"]
[BlackFideId "2226332"]
[WhiteElo "2726"]
[BlackElo "2626"]
[Result "1-0"]
[Round "07"]
[TimeControl "180+1"]
[Date "2022.05.10"]
[WhiteClock "0:00:12"]
[BlackClock "0:00:01"]

1. d4 Nf6 2. c4 d6 3. Nf3 g6 4. g3 Bf5 5. Nc3 Ne4 6. Qb3 Nxc3 7. bxc3 Be4 8. Bg2 Bg7 9. O-O O-O 10. a4 b6 11. Ba3 Nc6 12. Qa2 Qc8 13. Rfd1 Qa6 14. Qb3 Na5 15. Qb5 Qb7 16. c5 Rfd8 17. Rac1 Rab8 18. cxd6 cxd6 19. c4 Rbc8 20. Bh3 Rc7 21. d5 Bxf3 22. exf3 Qb8 23. Bb4 Nb7 24. f4 Nc5 25. Bxc5 Rxc5 26. Qb3 Qc7 27. Re1 a6 28. Qe3 Bf6 29. Bf1 Rc8 30. Rb1 Rb8 31. h4 Ra5 32. Rb4 Qc5 33. Qxc5 dxc5 34. Rb3 Rxa4 35. Reb1 Ra1 36. Rxa1 Bxa1 37. Ra3 Bd4 38. Rxa6 Rb7 39. Bg2 Rb8 40. Bf1 Rb7 41. Kg2 Kg7 42. g4 h6 43. Bd3 Bf6 44. g5 hxg5 45. fxg5 Bd4 46. f4 e6 47. dxe6 fxe6 48. Kf3 Kf7 49. Kg4 Ke7 50. Bxg6 b5 51. Be4 Rb8 52. cxb5 Rxb5 53. h5 c4 54. h6 c3 55. h7 Rb2 56. Ra8 c2 57. Rc8 c1=Q 58. Rxc1 Rh2 59. Rc8 Bb2 60. Rg8 Bd4 61. g6 Bf6 62. g7 1-0


[Site "https://www.chess.com"]

[Event "Titled Tuesday Blitz May 10 Late 2022"]
[White "Gaisinsky, Adam"]
[Black "Pranav, V"]
[WhiteFideId "2620561"]
[BlackFideId "25060783"]
[WhiteElo "1965"]
[BlackElo "2349"]
[Result "0-1"]
[Round "07"]
[TimeControl "180+1"]
[Date "2022.05.11"]
[WhiteClock "0:00:08"]
[BlackClock "0:00:15"]

1. d4 Nf6 2. Nf3 e6 3. Bf4 b6 4. e3 Bb7 5. h3 Be7 6. Nbd2 O-O 7. Bd3 c5 8. O-O d6 9. a4 Nc6 10. c3 Re8 11. Qe2 Bf8 12. e4 cxd4 13. cxd4 e5 14. dxe5 dxe5 15. Bg5 h6 16. Bxf6 Qxf6 17. Nc4 Nb4 18. Rfd1 Rac8 19. a5 Bc5 20. Ne3 Red8 21. Ng4 Qf4 22. Ngxe5 Re8 23. Bc4 Rxe5 24. Nxe5 Qxe5 25. Rd7 Bc6 26. Rxf7 Kh8 27. Re1 bxa5 28. Rf5 Qe7 29. Rf7 Qh4 30. Qg4 Qxg4 31. hxg4 Be8 32. Rf3 Be7 33. b3 a4 34. Be6 Rc7 35. bxa4 Bxa4 36. Ra1 Be8 37. Rb1 a5 38. Rf5 Ra7 39. Ra1 a4 40. Bf7 g6 41. Rf3 Bd7 42. Bxg6 Bxg4 43. Rf7 Be6 44. Rf3 Nc2 45. Ra2 Bxa2 46. Bf7 Bxf7 47. Rxf7 a3 48. Kh2 Bd6+ 0-1


[Site "https://www.chess.com"]

[Event "Titled Tuesday Blitz May 10 Late 2022"]
[White "Guz, Ari"]
[Black "Lohani, Sujana"]
[WhiteFideId "2825759"]
[BlackFideId "12311987"]
[WhiteElo "1913"]
[BlackElo "1691"]
[Result "1-0"]
[Round "07"]
[TimeControl "180+1"]
[Date "2022.05.11"]
[WhiteClock "0:02:32"]
[BlackClock "0:02:10"]

1. e4 e5 2. Nf3 Nc6 3. Bc4 Bc5 4. c3 d6 5. d4 exd4 6. cxd4 Bb4+ 7. Bd2 Nf6 8. Bxb4 Nxb4 9. Bxf7+ Kxf7 10. Qb3+ Be6 11. Ng5+ Kg6 12. Nxe6 Qe7 13. Nf4+ Kg5 14. Qg3+ Kh6 15. Qh4+ Nh5 16. Qxh5# 1-0


[Site "https://www.chess.com"]

[Event "Titled Tuesday Blitz May 10 Late 2022"]
[White "Hakobyan, Aram"]
[Black "Suleymanli, Aydin"]
[WhiteFideId "13306677"]
[BlackFideId "13413937"]
[WhiteElo "2557"]
[BlackElo "2481"]
[Result "1-0"]
[Round "07"]
[TimeControl "180+1"]
[Date "2022.05.10"]
[WhiteClock "0:01:27"]
[BlackClock "0:00:02"]

1. d4 Nf6 2. c4 e6 3. a3 d5 4. cxd5 exd5 5. Nc3 c6 6. Bf4 Bf5 7. e3 Nbd7 8. Nge2 h5 9. Ng3 Bg6 10. Bd3 Bxd3 11. Qxd3 g6 12. h3 Bg7 13. O-O O-O 14. b4 b5 15. a4 a6 16. a5 Re8 17. Rfc1 Rc8 18. Rc2 Qe7 19. Na2 h4 20. Nf1 Nh5 21. Bh2 c5 22. bxc5 Nxc5 23. Qa3 b4 24. Qxb4 Qb7 25. Qxb7 Nxb7 26. Rxc8 Rxc8 27. Nb4 Nf6 28. Be5 Ra8 29. Bxf6 Bxf6 30. Nxd5 Bd8 31. Nb6 Rb8 32. Nc4 Rc8 33. Nfd2 Rc6 34. Rb1 Nxa5 35. Rb8 Nxc4 36. Rxd8+ Kg7 37. Nxc4 Rxc4 38. Ra8 Rc1+ 39. Kh2 Rc2 40. f3 Re2 41. e4 Ra2 42. d5 a5 43. e5 Rd2 44. d6 Rd5 45. f4 g5 46. f5 Kh6 47. e6 fxe6 48. fxe6 g4 49. hxg4 Kg5 50. e7 1-0


[Site "https://www.chess.com"]

[Event "Titled Tuesday Blitz May 10 Late 2022"]
[White "Hess, Robert"]
[Black "Hardaway, Brewington"]
[WhiteFideId "2022036"]
[BlackFideId "30941849"]
[WhiteElo "2557"]
[BlackElo "1768"]
[Result "1-0"]
[Round "07"]
[TimeControl "180+1"]
[Date "2022.05.11"]
[WhiteClock "0:00:05"]
[BlackClock "0:00:06"]

1. e4 e5 2. Nc3 Nf6 3. Bc4 Nc6 4. d3 Bc5 5. f4 d6 6. Nf3 Ng4 7. Ng5 O-O 8. f5 Nf6 9. Nd5 h6 10. Nxf6+ Qxf6 11. Qh5 Nd4 12. h4 Nxc2+ 13. Ke2 Nxa1 14. Nxf7 Qxf7 15. Bxf7+ Rxf7 16. g4 Nc2 17. g5 Nd4+ 18. Kd1 Nxf5 19. exf5 Bxf5 20. gxh6 g6 21. Qg5 Kh7 22. Be3 Bxe3 23. Qxe3 b6 24. Rg1 Rg8 25. Kd2 Re8 26. Rg5 Re6 27. b3 d5 28. Qg3 e4 29. dxe4 dxe4 30. h5 Rd6+ 31. Ke1 Re6 32. hxg6+ Bxg6 33. Re5 Ref6 34. Qg5 Rf1+ 35. Ke2 R7f2+ 36. Ke3 Rf3+ 37. Kd4 Rd1+ 38. Kc4 Rf7 39. Kb4 c5+ 40. Ka3 Rd3 41. Re7 Rf3 42. Rxf7+ Rxf7 43. Ka4 Rf5 44. Qe7+ Kxh6 45. Qxe4 b5+ 46. Ka5 c4 47. Qe3+ Kg7 48. bxc4 bxc4+ 49. Kb4 Rf6 50. Qxa7+ Rf7 51. Qd4+ Rf6 52. Qxc4 Bf7 53. Qd4 Kg6 54. a4 Kg5 55. Qe5+ Rf5 56. Qg7+ Kf4 57. a5 Bd5 58. Qc7+ Kf3 59. a6 Be4 60. a7 Rf8 61. Qb8 Rf4 62. Kc5 Rf5+ 63. Kd4 Rd5+ 64. Kc4 Ra5 65. Qb6 Ra4+ 66. Kc3 Ra3+ 67. Kb2 Rd3 68. Qf6+ Kg4 69. Qe6+ Bf5 70. Qg8+ Kf4 71. a8=Q Rd2+ 72. Kc3 Rc2+ 73. Kb3 Rd2 74. Qab8+ Kf3 75. Qgg3+ Ke2 76. Qbe5+ Kd1 77. Qge1# 1-0


[Site "https://www.chess.com"]

[Event "Titled Tuesday Blitz May 10 Late 2022"]
[White "Holt, Conrad"]
[Black "Terry, Renato"]
[WhiteFideId "2034387"]
[BlackFideId "3803457"]
[WhiteElo "2586"]
[BlackElo "2577"]
[Result "1-0"]
[Round "07"]
[TimeControl "180+1"]
[Date "2022.05.10"]
[WhiteClock "0:00:55"]
[BlackClock "0:00:03"]

1. d4 d5 2. c4 c6 3. Nc3 Nf6 4. e3 a6 5. Nf3 b5 6. b3 Bg4 7. Bd2 Nbd7 8. h3 Bh5 9. Be2 e6 10. O-O Bd6 11. c5 Bc7 12. b4 O-O 13. a4 Bg6 14. Ra2 e5 15. Qa1 Rc8 16. axb5 axb5 17. Ra6 Nb8 18. Ra7 Nfd7 19. Nxe5 Nxe5 20. dxe5 Bxe5 21. f4 Bxc3 22. Bxc3 f6 23. f5 Bf7 24. Bf3 Re8 25. Re1 Nd7 26. e4 Ne5 27. Bxe5 Rxe5 28. exd5 Rxe1+ 29. Qxe1 cxd5 30. Rxf7 Kxf7 31. Qe6+ Kf8 32. Bxd5 Qc7 33. Qg8+ Ke7 34. Qxg7+ Ke8 35. Qg8+ Ke7 36. Qxh7+ Kd8 37. Qg8+ Kd7 38. Qf7+ Kd8 39. Qf8+ Kd7 40. c6+ 1-0


[Site "https://www.chess.com"]

[Event "Titled Tuesday Blitz May 10 Late 2022"]
[White "Izzat, Kanan"]
[Black "Shimanov, Aleksandr"]
[WhiteFideId "13405209"]
[BlackFideId "4198603"]
[WhiteElo "2362"]
[BlackElo "2605"]
[Result "1-0"]
[Round "07"]
[TimeControl "180+1"]
[Date "2022.05.10"]
[WhiteClock "0:00:09"]
[BlackClock "0:00:06"]

1. e4 d5 2. exd5 Qxd5 3. Nc3 Qe5+ 4. Be2 Bg4 5. d4 Bxe2 6. Ngxe2 Qa5 7. d5 c6 8. O-O Nf6 9. Nf4 cxd5 10. Ncxd5 Nxd5 11. Nxd5 e6 12. Re1 Nc6 13. Bg5 Bd6 14. Bh4 Be5 15. Ne3 Qc7 16. Kh1 O-O 17. c3 b5 18. Ng4 Bf4 19. g3 f5 20. Nf6+ gxf6 21. gxf4 Qxf4 22. Bg3 Qc4 23. Qd7 Qd5+ 24. Qxd5 exd5 25. Re6 Rac8 26. Rd1 Kf7 27. Rd6 Rfd8 28. R6xd5 Rxd5 29. Rxd5 a6 30. Rxf5 Rd8 31. Rc5 Rc8 32. Kg2 Ke6 33. Rh5 Rh8 34. Rc5 Ne7 35. Rc7 Rc8 36. Rxc8 Nxc8 37. Kf3 Ne7 38. Ke4 Nc6 39. b3 f5+ 40. Kf4 Kf6 41. Bh4+ Kg6 42. f3 Kh5 43. Bf2 Kg6 44. h3 Kf6 45. Bd4+ Kg6 46. Bh8 h6 47. b4 Kh7 48. Bd4 Kg6 49. Bh8 Kh7 50. Be5 Kg6 51. Bd6 Kf6 52. Bc5 Ke6 53. Bd4 Ne7 54. Ke3 Nd5+ 55. Kd3 Nf4+ 56. Ke3 Nxh3 57. f4 Kd5 58. Kf3 Kc4 59. Kg3 Ng1 60. Bxg1 Kxc3 61. Bc5 Kb2 62. Kh4 Kxa2 63. Bb6 Kb3 64. Ba5 Kc4 65. Kh5 Kd4 66. Kxh6 Ke3 67. Kg5 Ke4 68. Bb6 Kd3 69. Kxf5 Kc4 70. Ba5 Kb3 71. Ke4 Ka4 72. f5 1-0


[Site "https://www.chess.com"]

[Event "Titled Tuesday Blitz May 10 Late 2022"]
[White "Jacobson, Aaron"]
[Black "Estrada Nieto, Julian"]
[WhiteFideId "2089912"]
[BlackFideId "5101018"]
[WhiteElo "2265"]
[BlackElo "2252"]
[Result "1-0"]
[Round "07"]
[TimeControl "180+1"]
[Date "2022.05.11"]
[WhiteClock "0:01:14"]
[BlackClock "0:00:24"]

1. e4 e5 2. Nc3 Nf6 3. d4 exd4 4. Qxd4 Nc6 5. Qd3 Bb4 6. Bd2 O-O 7. O-O-O Re8 8. Nge2 d5 9. exd5 Ne5 10. Qd4 Qe7 11. Bg5 Bc5 12. Qh4 Ng6 13. Qg3 Bf5 14. h4 h6 15. Bxf6 Qxf6 16. h5 Ne5 17. Qf4 Ng4 18. Nd4 Bd7 19. Qxf6 gxf6 20. Nb3 Bb6 21. f3 Nf2 22. Bd3 Nxh1 23. Rxh1 Rad8 24. Ne4 Kg7 25. c4 Be3+ 26. Kc2 f5 27. Ng3 Kf6 28. Ne2 f4 29. Nd2 Bxd2 30. Kxd2 Kg5 31. Rg1 Bf5 32. g3 fxg3 33. Rxg3+ Kf6 34. Bxf5 Kxf5 35. Nd4+ Kf6 36. Rg4 Re5 37. Rf4+ Kg7 38. Nf5+ Kh7 39. Kd3 Rde8 40. Ng3 Kg8 41. Ne4 Kg7 42. Kd4 Rxh5 43. Nf6 Rhe5 44. Nxe8+ Rxe8 45. c5 h5 46. d6 cxd6 47. cxd6 Re1 48. Kd5 Rd1+ 49. Ke5 Re1+ 50. Re4 Rd1 51. Rb4 b6 52. Rh4 Kg6 53. Rh2 Re1+ 54. Kd5 Rd1+ 55. Kc6 Kg5 56. d7 h4 57. Rg2+ Kf4 58. Rg4+ Kxf3 59. Rxh4 f5 60. Rh5 f4 61. Rd5 Rc1+ 62. Kb7 Ke4 63. d8=Q f3 64. Qd6 f2 65. Qe6+ Kf3 66. Rf5+ Kg2 67. Qe4+ Kf1 68. Qh1+ Ke2 69. Qxc1 f1=Q 70. Qxf1+ Ke3 71. Rf2 Ke4 72. Kxa7 Ke5 73. Kxb6 Kd6 74. Kb5 Ke5 75. Qd3 Ke6 76. Re2+ Kf6 77. Qf3+ Kg5 78. Rg2+ Kh4 79. Qf1 Kh3 80. Qg1 Kh4 81. Kc4 Kh5 82. Kc3 Kh6 83. Kc2 Kh5 84. Kc1 Kh4 85. Kb1 Kh3 86. Ka1 Kh4 87. a3 Kh5 88. Ka2 Kh4 89. Kb3 Kh5 90. Ka4 Kh4 91. Ka5 Kh5 92. Ka6 Kh4 93. Ka7 Kh5 94. Ka8 Kh4 95. Kb8 Kh5 96. Kb7 Kh4 97. Kb6 Kh5 98. Kb5 Kh4 99. Kb4 Kh5 100. Kb3 Kh4 101. Kc3 Kh5 102. Kc4 Kh4 103. Kc5 Kh5 104. Kc6 Kh4 105. Kc7 Kh5 106. Kd7 Kh4 107. Kd6 Kh5 108. Kd5 Kh4 109. Rg3 Kh5 110. Kd4 Kh4 111. Kd3 Kh5 112. Kd2 Kh4 113. Kd1 Kh5 114. Ke1 Kh6 115. Ke2 Kh5 116. Ke3 Kh4 117. Ke4 Kh5 118. Ke5 Kh6 119. Ke6 Kh5 120. Ke7 Kh4 121. Ke8 Kh5 122. Kf8 Kh4 123. Kf7 Kh5 124. Kf6 Kh4 125. Kf5 Kh5 126. Kf4 Kh4 127. Kf3 Kh5 128. Kf2 Kh6 129. Kf1 Kh5 130. Qg2 Kh4 131. Ke1 Kh5 132. Kd1 Kh4 133. Kc1 Kh5 134. Kb1 Kh4 135. Ka1 Kh5 136. a4 Kh6 137. Ka2 Kh5 138. Ka3 Kh4 139. Kb4 Kh5 140. Ka5 Kh4 141. Ka6 Kh5 142. Ka7 Kh4 143. Ka8 Kh5 144. Kb8 Kh6 145. Kb7 Kh5 146. Kb6 Kh4 147. Kb5 Kh5 148. Kc4 Kh4 149. Kc3 Kh5 150. Kc2 Kh4 151. Kc1 Kh5 152. Kd1 Kh4 153. Kd2 Kh5 154. Kd3 Kh4 155. Qg1 Kh5 156. Kd4 Kh4 157. Kd5 Kh5 158. Kd6 Kh4 159. Kd7 Kh5 160. Kd8 Kh4 161. Ke8 Kh5 162. Ke7 Kh4 163. Ke6 Kh5 164. Ke5 Kh4 165. Ke4 Kh5 166. Ke3 Kh4 167. Ke2 Kh5 168. Ke1 Kh4 169. Kf1 Kh5 170. Kf2 Kh4 171. Kf3 Kh5 172. Kf4 Kh4 173. Kf5 Kh5 174. Kf6 Kh4 175. Kf7 Kh5 176. Rg4 1-0


[Site "https://www.chess.com"]

[Event "Titled Tuesday Blitz May 10 Late 2022"]
[White "Jakubowski, Krzysztof"]
[Black "Pap, Gyula"]
[WhiteFideId "1112848"]
[BlackFideId "725323"]
[WhiteElo "2365"]
[BlackElo "2553"]
[Result "0-1"]
[Round "07"]
[TimeControl "180+1"]
[Date "2022.05.10"]
[WhiteClock "0:00:01"]
[BlackClock "0:01:18"]

1. e4 e6 2. d4 d5 3. Nc3 Nf6 4. Bg5 Bb4 5. e5 h6 6. Be3 Ne4 7. Qg4 Kf8 8. a3 Bxc3+ 9. bxc3 c5 10. Bd3 Nxc3 11. dxc5 Nc6 12. Nf3 f5 13. exf6 Qxf6 14. Qh5 Bd7 15. Nh4 Ne7 16. Ng6+ Nxg6 17. Bxg6 Be8 18. Bxe8 Rxe8 19. O-O Qf7 20. Qg4 e5 21. Qb4 d4 22. c6+ Kg8 23. cxb7 Kh7 24. Bd2 Ne4 25. Rab1 Rb8 26. Be1 Qd5 27. Rb3 Nc5 28. Rg3 Rxb7 29. Qa5 Rd8 30. f4 Ne4 31. Qxd5 Rxd5 32. Rh3 Rc7 33. fxe5 Rxe5 34. Rd3 Rxc2 35. Rxd4 Rg5 36. g3 Re5 37. Ra4 Ng5 38. Bf2 Ree2 39. Kg2 Ne4 40. Kf3 Nxf2 41. Rxa7 Nd3 42. Rd1 Ne5+ 0-1


[Site "https://www.chess.com"]

[Event "Titled Tuesday Blitz May 10 Late 2022"]
[White "Jeet, Jain"]
[Black "Sarkar, Justin"]
[WhiteFideId "5073022"]
[BlackFideId "2010011"]
[WhiteElo "2028"]
[BlackElo "2020"]
[Result "0-1"]
[Round "07"]
[TimeControl "180+1"]
[Date "2022.05.11"]
[WhiteClock "0:00:53"]
[BlackClock "0:00:05"]

1. Nf3 d5 2. e3 Nf6 3. c4 e6 4. b3 c5 5. cxd5 exd5 6. d4 Nc6 7. Be2 cxd4 8. Nxd4 Bb4+ 9. Kf1 O-O 10. Bb2 Ne4 11. Nxc6 bxc6 12. Qd4 Qf6 13. Qxf6 Nxf6 14. Bxf6 gxf6 15. a3 Bd6 16. Nd2 Be6 17. h4 a5 18. g4 c5 19. Bd3 a4 20. bxa4 Rxa4 21. g5 Be5 22. Rc1 c4 23. Bc2 Rxa3 24. f4 Bb2 25. Rb1 Bc3 26. Nf3 Ra2 27. Rc1 Bg4 28. Nh2 Bd2 29. Rb1 Bh3+ 30. Ke2 Rxc2 31. gxf6 Bf5 32. Rhg1+ Kh8 33. Nf3 Bc3+ 34. Kd1 Rf2 35. Ng5 Bxb1 36. Kc1 h6 37. Kxb1 hxg5 38. hxg5 Kh7 39. Rd1 Rd2 40. Rc1 Rb8# 0-1


[Site "https://www.chess.com"]

[Event "Titled Tuesday Blitz May 10 Late 2022"]
[White "Jegorovas, Aleksandras"]
[Black "Gomez Ledo, Roberto Carlos"]
[WhiteFideId "12801950"]
[BlackFideId "3507076"]
[WhiteElo "2247"]
[BlackElo "2379"]
[Result "1-0"]
[Round "07"]
[TimeControl "180+1"]
[Date "2022.05.11"]
[WhiteClock "0:00:16"]
[BlackClock "0:00:01"]

1. Nf3 Nf6 2. c4 e6 3. g3 d5 4. Bg2 Be7 5. O-O O-O 6. d4 dxc4 7. Qc2 a6 8. a4 Bd7 9. Qxc4 Bc6 10. Nc3 b5 11. Qb3 b4 12. Na2 Bd5 13. Qd1 c5 14. Be3 c4 15. Nd2 Ra7 16. Rc1 Rc7 17. Bf4 Rc8 18. e4 Ba8 19. Bxb8 Rxb8 20. Rxc4 a5 21. Nc1 Bb7 22. Re1 Ba6 23. Rc6 Bb7 24. Rc4 Ba6 25. Rc6 Bb7 26. e5 Ne8 27. Rc4 Ba6 28. Rc6 Bb7 29. Rc4 Ba6 30. Rc6 Rb6 31. Rxb6 Qxb6 32. Ne4 Nc7 33. Nb3 Rd8 34. Nbc5 Bc4 35. b3 Bd5 36. Qe2 h6 37. Rc1 Kf8 38. h4 Kg8 39. h5 Ba8 40. Kh2 Nd5 41. Qa6 Qb8 42. Qxa5 Nc7 43. Na6 Nxa6 44. Qxa6 Bb7 45. Qb6 Qa8 46. Re1 Bd5 47. Qc7 1-0


[Site "https://www.chess.com"]

[Event "Titled Tuesday Blitz May 10 Late 2022"]
[White "Jobava, Baadur"]
[Black "Alekseenko, Kirill"]
[WhiteFideId "13601520"]
[BlackFideId "4135539"]
[WhiteElo "2617"]
[BlackElo "2682"]
[Result "1-0"]
[Round "07"]
[TimeControl "180+1"]
[Date "2022.05.10"]
[WhiteClock "0:00:09"]
[BlackClock "0:00:06"]

1. b3 e5 2. Bb2 Nc6 3. Nf3 f6 4. d4 e4 5. d5 exf3 6. dxc6 fxg2 7. cxd7+ Qxd7 8. Qxd7+ Bxd7 9. Bxg2 O-O-O 10. Nc3 Bf5 11. e4 Be6 12. Nd5 Bd6 13. O-O-O c6 14. Ne3 Nh6 15. Bf3 Bf4 16. Rhg1 Rxd1+ 17. Kxd1 Rd8+ 18. Ke2 Rd7 19. h4 Kd8 20. a4 Ke8 21. a5 Kf8 22. Bc3 Nf7 23. Bg4 Bxg4+ 24. Nxg4 h5 25. Ne3 Ne5 26. Nf5 a6 27. Bb4+ Kg8 28. Be7 Rd2+ 29. Kf1 Ng4 30. Bc5 g6 31. Ne7+ Kf7 32. c4 Rb2 33. b4 Rc2 34. Nc8 Rxc4 35. f3 Rc1+ 36. Ke2 Rxg1 37. Bxg1 Nh6 38. Be3 Bxe3 39. Kxe3 Ke6 40. f4 Nf7 41. Nb6 Nd6 42. Na4 g5 43. Nc5+ Kf7 44. fxg5 fxg5 45. hxg5 Kg6 46. Kf4 Nf7 47. Ne6 Nd6 48. e5 Nf7 49. Nf8+ Kg7 50. Nd7 Kg6 51. Nf8+ Kg7 52. Ne6+ Kg6 53. Nc5 Nxg5 54. Nxb7 Ne6+ 55. Ke4 h4 56. Nd6 Kg5 57. Kf3 Nd4+ 58. Kg2 Kf4 59. Nc4 Kg4 60. Ne3+ Kf4 61. Nc4 Kg5 62. Kh3 Nc2 63. e6 Nxb4 64. e7 1-0


[Site "https://www.chess.com"]

[Event "Titled Tuesday Blitz May 10 Late 2022"]
[White "Kamsky, Gata"]
[Black "Della Morte, German"]
[WhiteFideId "2000024"]
[BlackFideId "113522"]
[WhiteElo "2645"]
[BlackElo "2363"]
[Result "1-0"]
[Round "07"]
[TimeControl "180+1"]
[Date "2022.05.10"]
[WhiteClock "0:00:28"]
[BlackClock "0:00:02"]

1. e4 e5 2. Nf3 Nc6 3. Bb5 a6 4. Ba4 Nf6 5. O-O Be7 6. Re1 b5 7. Bb3 d6 8. c3 O-O 9. d4 Bg4 10. d5 Na5 11. Bc2 c6 12. h3 Bc8 13. dxc6 Qc7 14. Nbd2 Qxc6 15. Nf1 Be6 16. Ng5 Bd7 17. Ne3 h6 18. Nf3 Be6 19. Nh4 Rfd8 20. Nhf5 Bf8 21. Qf3 Nh7 22. Nd5 Re8 23. Rd1 Nc4 24. a4 Rab8 25. Qg3 Kh8 26. Nb4 Qb7 27. b3 Na5 28. axb5 Qxb5 29. Nxd6 Bxd6 30. Rxd6 Nxb3 31. Bxb3 Bxb3 32. Raxa6 Qe2 33. Qe3 Qc4 34. Rac6 Qb5 35. Kh2 Qb7 36. Qg3 Be6 37. Bxh6 gxh6 38. Qxe5+ Kg8 39. Qg3+ Kh8 40. f4 Rg8 41. Qh4 Qb5 42. Rd2 Rbe8 43. Qf2 Qb7 44. Qd4+ Rg7 45. f5 Bc8 46. Rxh6 Qb8+ 47. Qd6 Qxd6+ 48. Rdxd6 f6 49. Nd5 Kg8 50. Rxh7 Kxh7 51. Nxf6+ Kh8 52. Nxe8 Re7 53. Rd8 Bb7 54. Nd6+ Kg7 55. e5 Bd5 56. f6+ 1-0


[Site "https://www.chess.com"]

[Event "Titled Tuesday Blitz May 10 Late 2022"]
[White "Kanyamarala, Tarun"]
[Black "Adla, Diego"]
[WhiteFideId "45004714"]
[BlackFideId "100072"]
[WhiteElo "2219"]
[BlackElo "2377"]
[Result "1-0"]
[Round "07"]
[TimeControl "180+1"]
[Date "2022.05.11"]
[WhiteClock "0:00:09"]
[BlackClock "0:00:14"]

1. b3 d5 2. Bb2 c6 3. Nf3 Bf5 4. g3 h6 5. Bg2 e6 6. d3 Nf6 7. Nbd2 Nbd7 8. O-O Bh7 9. Qe1 a5 10. a3 Be7 11. e4 O-O 12. e5 Ne8 13. h4 b5 14. Nh2 c5 15. f4 Nc7 16. Nhf3 c4 17. Nd4 cxd3 18. f5 Bc5 19. Kh1 Bxd4 20. Bxd4 Bxf5 21. cxd3 Bxd3 22. Rf4 Na6 23. Qe3 Bh7 24. Rg4 Kh8 25. Rf1 Rc8 26. Rgf4 Qe7 27. Nf3 Nac5 28. Nh2 Ne4 29. Ng4 h5 30. Nf6 gxf6 31. Bxe4 Bxe4+ 32. Rxe4 f5 33. Rxf5 exf5 34. e6+ f6 35. Rf4 Ne5 36. Rxf5 Qxe6 37. Qh6+ Kg8 38. Rg5+ fxg5 39. Qxe6+ Kh7 40. Qxe5 1-0


[Site "https://www.chess.com"]

[Event "Titled Tuesday Blitz May 10 Late 2022"]
[White "Karttunen, Mika"]
[Black "Lin, Dachey"]
[WhiteFideId "502081"]
[BlackFideId "2029650"]
[WhiteElo "2343"]
[BlackElo "2313"]
[Result "0-1"]
[Round "07"]
[TimeControl "180+1"]
[Date "2022.05.11"]
[WhiteClock "0:00:26"]
[BlackClock "0:00:38"]

1. e4 g6 2. d4 Bg7 3. Nc3 d5 4. exd5 Nf6 5. Bc4 Nbd7 6. Nf3 Nb6 7. Bb5+ Bd7 8. Be2 Nbxd5 9. Nxd5 Nxd5 10. c4 Nf6 11. O-O O-O 12. h3 c6 13. Be3 Re8 14. Qd2 Qc7 15. Bf4 Qb6 16. b3 a5 17. Be5 Bf5 18. Qe3 Rad8 19. Rfd1 a4 20. g4 Bc8 21. Rab1 h5 22. Nh2 hxg4 23. hxg4 Nd7 24. Bxg7 Kxg7 25. Qc3 Kg8 26. bxa4 Qa7 27. a5 e5 28. d5 Qc5 29. dxc6 Qxc6 30. Bf3 e4 31. Bg2 Nc5 32. Nf1 Bxg4 33. Rd5 Be6 34. Ne3 Bxd5 35. Nxd5 Rxd5 36. cxd5 Qxd5 37. Rb5 Qd1+ 38. Bf1 Qg4+ 39. Qg3 Qxg3+ 40. fxg3 Rc8 41. Kf2 Kf8 42. Ke3 Ke7 43. Kd4 Kd6 44. Rb6+ Rc6 45. Bb5 Rxb6 46. axb6 f5 47. a4 g5 48. a5 Nb3+ 49. Ke3 Nxa5 50. g4 Ke5 51. gxf5 Kxf5 52. Kd4 Kf4 53. Kc3 e3 54. Kb4 Nc6+ 55. Kc3 Ne7 0-1


[Site "https://www.chess.com"]

[Event "Titled Tuesday Blitz May 10 Late 2022"]
[White "Keller, Peter"]
[Black "Butti, Enrique"]
[WhiteFideId "1272105"]
[BlackFideId "3700470"]
[WhiteElo "2275"]
[BlackElo "2080"]
[Result "1-0"]
[Round "07"]
[TimeControl "180+1"]
[Date "2022.05.11"]
[WhiteClock "0:00:08"]
[BlackClock "0:00:02"]

1. e4 c5 2. c3 e6 3. d4 d5 4. exd5 exd5 5. Nf3 Nc6 6. Bb5 Bd6 7. dxc5 Bxc5 8. O-O Ne7 9. Nbd2 O-O 10. Nb3 Bb6 11. Re1 Nf5 12. Bd3 Nh4 13. h3 Bc7 14. Nxh4 Qxh4 15. Qf3 Ne5 16. Qd1 Bxh3 17. gxh3 Qxh3 18. f4 Nf3+ 19. Kf2 Nxe1 20. Kxe1 Rfe8+ 21. Kd2 Qh2+ 22. Be2 Bxf4+ 23. Kd3 Qg3+ 24. Kc2 Bxc1 25. Rxc1 g6 26. Nd4 h5 27. Qd2 h4 28. Rf1 h3 29. Qh6 Qg2 30. Qf4 Rxe2+ 31. Nxe2 Qxe2+ 32. Kb3 Rf8 33. Rf2 Qe4 34. Qg3 Qe6 35. Rh2 d4+ 36. Kc2 dxc3 37. bxc3 Rc8 38. Rxh3 Qc4 39. Kb2 Qb5+ 40. Kc2 Qc4 41. Kb2 Qe4 42. a4 Rc6 43. a5 1-0


[Site "https://www.chess.com"]

[Event "Titled Tuesday Blitz May 10 Late 2022"]
[White "Keymer, Vincent"]
[Black "Fishbein, Alexander"]
[WhiteFideId "12940690"]
[BlackFideId "2000377"]
[WhiteElo "2548"]
[BlackElo "2442"]
[Result "0-1"]
[Round "07"]
[TimeControl "180+1"]
[Date "2022.05.10"]
[WhiteClock "0:00:03"]
[BlackClock "0:00:39"]

1. Nf3 Nf6 2. c4 g6 3. Nc3 Bg7 4. g3 O-O 5. Bg2 d6 6. d4 Nc6 7. O-O e5 8. dxe5 dxe5 9. Bg5 h6 10. Qxd8 Rxd8 11. Bxf6 Bxf6 12. Nd5 Kg7 13. Nxc7 Rb8 14. e4 g5 15. h3 h5 16. Nd5 Be6 17. b3 g4 18. hxg4 hxg4 19. Nh2 Nd4 20. f3 Bg5 21. Nxg4 Bxg4 22. fxg4 b5 23. c5 a5 24. Rf2 Rbc8 25. Raf1 f6 26. Rd1 Rxc5 27. Rb2 Rdc8 28. Bf1 Rc2 29. Rxc2 Rxc2 30. Kh1 Rxa2 31. Nc7 a4 32. bxa4 bxa4 33. Bc4 Rc2 34. Ne6+ Kg6 35. Nxd4 Rxc4 36. Nf5 Rc1 37. Rxc1 Bxc1 38. Ne7+ Kg5 39. Nd5 Bd2 0-1


[Site "https://www.chess.com"]

[Event "Titled Tuesday Blitz May 10 Late 2022"]
[White "Khripachenko, Alexander"]
[Black "Cilek, Bora"]
[WhiteFideId "54184975"]
[BlackFideId "34502165"]
[WhiteElo "2138"]
[BlackElo "2469"]
[Result "1-0"]
[Round "07"]
[TimeControl "180+1"]
[Date "2022.05.11"]
[WhiteClock "0:00:42"]
[BlackClock "0:00:03"]

1. e4 c5 2. Nf3 Nc6 3. d4 cxd4 4. Nxd4 g6 5. c4 Bg7 6. Be3 Nf6 7. Nc3 O-O 8. Be2 d6 9. O-O Bd7 10. h3 Nxd4 11. Bxd4 Bc6 12. Qc2 a5 13. Rad1 Nd7 14. Bxg7 Kxg7 15. Bg4 Ne5 16. c5 Nxg4 17. hxg4 Qc8 18. cxd6 exd6 19. f3 Qe6 20. Qd2 Rfd8 21. Qe3 b5 22. Rd2 b4 23. Nd5 Rac8 24. Nb6 Rb8 25. b3 Kf8 26. Rfd1 Kg8 27. Nc4 d5 28. Qg5 f6 29. Qf4 Qf7 30. exd5 Bb5 31. Nd6 Qa7+ 32. Rd4 Qc7 33. Nxb5 Qxf4 34. Rxf4 Rxb5 35. d6 Kf7 36. Rc4 Rb6 37. Rc7+ Kg8 38. d7 Kf7 39. Rd5 Ke7 40. Rxa5 Rxd7 41. Rxd7+ Kxd7 42. Ra7+ Ke6 43. Rxh7 Ra6 44. Rb7 Rxa2 45. Rxb4 Ke5 46. Kh2 g5 47. Kg3 Rb2 48. Rb5+ Ke6 49. Kh3 Kd6 50. Kh2 Ke6 51. Kg1 Kd6 52. Rb4 Ke5 53. Re4+ Kd6 54. Re3 Kd5 55. Kf1 Kd6 56. g3 Kd5 57. f4 Kd6 58. Rc3 Kd5 59. Re3 Kd4 60. Re6 Rxb3 61. Kg2 1-0


[Site "https://www.chess.com"]

[Event "Titled Tuesday Blitz May 10 Late 2022"]
[White "Koridze, Lile"]
[Black "Wartiovaara, Oliver"]
[WhiteFideId "13612514"]
[BlackFideId "513024"]
[WhiteElo "2050"]
[BlackElo "1971"]
[Result "0-1"]
[Round "07"]
[TimeControl "180+1"]
[Date "2022.05.11"]
[WhiteClock "0:02:24"]
[BlackClock "0:00:48"]

1. d4 Nf6 2. c4 g6 3. Nc3 d5 4. Nf3 Bg7 5. Bg5 Ne4 6. cxd5 Nxg5 7. Nxg5 e6 8. Qd2 h6 9. Nf3 exd5 10. e3 a5 11. Bd3 c6 12. O-O Qd6 13. h3 O-O 14. b3 Nd7 15. Rac1 Nf6 16. Na4 Nd7 17. Nc5 Nxc5 18. Rxc5 Bd7 19. Rxa5 b5 20. a4 bxa4 21. bxa4 Qa3 22. Be2 Rfb8 23. Qc2 Rxa5 24. Rb1 Rxb1+ 25. Qxb1 Rxa4 26. Qb8+ Bf8 27. Ne5 Be6 28. Nxc6 Ra8 29. Qb5 Qa4 30. Qb7 Qa6 31. Qc7 Qxe2 0-1


[Site "https://www.chess.com"]